 Dungeon Crawl Stone Soup version 0.26.1-2-gb8aa6d0cf2 (webtiles) character file.

Game seed: 13645757146450491706

268 sizableburger the Poker (level 6, -3/47 HPs)
             Began as a Human Warper on Mar 13, 2021.
             Was a Follower of Okawaru.
             Slain by an orc wizard
             ... wielding a +3 dagger of electrocution
              (4 damage)
             ... on level 3 of the Dungeon.
             The game lasted 00:10:38 (4581 turns).

sizableburger the Poker (Human Warper)              Turns: 4581, Time: 00:10:38

Health: -3/47      AC:  7    Str: 18    XL:     6   Next: 46%
Magic:  8/10       EV: 10    Int: 14    God:    Okawaru [*.....]
Gold:   128        SH:  0    Dex: 13    Spells: 8/10 levels left

rFire    . . .     SeeInvis .   d - +0 trident (flame)
rCold    . . .     Faith    .   (no shield)
rNeg     . . .     Spirit   .   n - +0 scale mail
rPois    .         Reflect  .   k - +0 helmet
rElec    .         Harm     .   (no cloak)
rCorr    .         Rampage  .   (no gloves)
Will     .....                  (no boots)
Stlth    ..........             (no amulet)
HPRegen  0.15/turn              o - +6 ring of strength (curse)
MPRegen  0.12/turn              (no ring)

@: no status effects
A: no striking features
a: Renounce Religion, Heroism


You were on level 3 of the Dungeon.
You worshipped Okawaru.
Okawaru was aware of your devotion.
You visited 1 branch of the dungeon, and saw 4 of its levels.

You collected 128 gold pieces.

Inventory:

Hand Weapons
 d - a +0 trident of flaming (weapon)
Missiles
 c - 3 javelins
 e - 2 boomerangs of dispersal
 h - 8 boomerangs (quivered)
Armour
 b - a +0 leather armour
 k - a +0 helmet (worn)
 n - a +0 scale mail (worn)
Jewellery
 o - a cursed +6 ring of strength (left hand)
Scrolls
 l - 2 scrolls of remove curse
 m - 2 scrolls of identify
 q - a scroll of teleportation
Potions
 j - a potion of haste
 r - a potion of brilliance


   Skills:
 + Level 3.0 Fighting
 + Level 5.0 Polearms
 - Level 1.0 Throwing
 - Level 1.0 Armour
 - Level 2.0 Dodging
 + Level 2.7 Spellcasting
 + Level 3.7 Translocations


You had 8 spell levels left.
You knew the following spells:

 Your Spells              Type           Power        Failure   Level
a - Blink                 Tloc           N/A          24%         2

Your spell library contained the following spells:

 Spells                   Type           Power        Failure   Level
 Gell's Gravitas          Tloc           6%           43%         3
 Lesser Beckoning         Tloc           6%           43%         3
 Teleport Other           Tloc           12%          43%         3
 Passage of Golubria      Tloc           N/A          85%         4


Dungeon Overview and Level Annotations

Branches:
Dungeon (4/15)
 Temple: D:4-7

Altars:
Okawaru


Message History

You feel better. Something hits you but does no damage.
You hear some strange, mumbled words.
A puff of flame appears from out of thin air!
The puff of flame misses you.
There is a stone staircase leading up here.
Okay, then.
You hear some strange, mumbled words.
A puff of flame appears from out of thin air!
The puff of flame misses you. Something hits you.
You are electrocuted!
* * * LOW HITPOINT WARNING * * *
You climb upwards.
Reactivating autopickup.
There is a stone staircase leading down here.
Casting: Blink (dangerous; 24% risk of failure)
Confirm with . or Enter, or press ? or * to list all spells.
You blink.
Okay, then.
There is a stone staircase leading up here.
Something hits you.
You die...

..........#.###.#.#..............
..........#..##.#.##.............
........#.........###............
.......#####.##...###............
######## #.##.#.....#..........
####### #.##.#..............>.
......######..............#######
#####)....................# #
#...........@......)..#
#####.....................#
..........................#
###########...............#
#......[........#
#.......ยง.#.#...#
#.........._..### #.........#.#.#
#.........(...#


There were no monsters in sight!

Vanquished Creatures
  3 orc wizards
  An orc priest (D:4)
  An iguana (D:3)
  A worker ant (D:4)
  4 adders (D:2)
  A worm (D:2)
  8 orcs
  A ball python (D:1)
  4 giant cockroaches (D:2)
  2 goblins (D:2)
  10 hobgoblins
  6 kobolds
  3 quokkas
  7 bats
  2 frilled lizards
  2 leopard gecko skeletons (D:4)
  A quokka skeleton (D:4)
  5 rats
62 creatures vanquished.

Notes
Turn   | Place    | Note
-------+----------+-------------------------------------------
     0 | D:1      | sizableburger the Human Warper began the quest for the Orb.
     0 | D:1      | Reached XP level 1. HP: 16/16 MP: 3/3
   110 | D:1      | Reached XP level 2. HP: 14/22 MP: 5/5
   320 | D:1      | Learned a level 2 spell: Blink
   634 | D:1      | Reached skill level 3 in Polearms
  1097 | D:2      | Reached XP level 3. HP: 22/27 MP: 6/6
  1948 | D:2      | Reached skill level 4 in Polearms
  1948 | D:2      | Reached XP level 4. HP: 17/33 MP: 7/7
  2577 | D:3      | Found an iron altar of Okawaru.
  3056 | D:3      | Became a worshipper of Warmaster Okawaru
  3330 | D:3      | Reached XP level 5. HP: 27/38 MP: 8/8
  4283 | D:4      | Reached XP level 6. HP: 41/46 MP: 9/9
  4555 | D:4      | Reached * piety under Okawaru
  4560 | D:4      | Reached skill level 5 in Polearms
  4577 | D:4      | HP: 1/47 [something (17)]
  4581 | D:3      | Slain by an orc wizard

Illustrated notes

Levels and vault maps discovered:
D:1:      evilmike_arrival_plus, layout_basic, minmay_heptomino_d4
D:2:      layout_rooms
D:3:      layout_rooms, okawaru_metal_pillars_1_2
D:4:      layout_rooms, minmay_temple_entry_hall, uniq_duvessa

Skill      XL: |  1  2  3  4  5  6 |
---------------+-------------------+-----
Polearms       | 3 4 5 |  5.0
Fighting       | 3 |  3.0
Throwing       | |  1.0
Armour         | |  1.0
Dodging        | |  2.0
Spellcasting   | |  2.7
Translocations | |  3.7

Action                   |  1- 3 |  4- 6 || total
-------------------------+-------+-------++-------
Melee: Spear             |   136 |   192 ||   328
       Trident           |       |    24 ||    24
Throw: Boomerang         |       |    14 ||    14
 Cast: Blink             |       |     2 ||     2
  Use: Scroll            |     2 |     5 ||     7
       Potion            |       |     7 ||     7
 Stab: Sleeping          |     2 |       ||     2
       Distracted        |     1 |       ||     1
Armor: Leather armour    |    36 |     3 ||    39
       Scale mail        |       |    42 ||    42
Dodge: Dodged            |    78 |    75 ||   153
